 Dungeon Sprint DCSS version 0.27.1-33-g824d729ab1 (webtiles) character file.

Game seed: 5134937781446286099

3136 hilljack the Brawler (level 9, 0/64 HPs)
             Began as a Minotaur Transmuter on Dec 8, 2021.
             Was a Believer of Uskayaw.
             Slain by a five-headed hydra (9 damage)
             ... in the Dungeon (Sprint IX: "|||||||||||||||||||||||||||||").
             The game lasted 00:04:40 (1226 turns).

hilljack the Brawler (Minotaur Transmuter)          Turns: 1226, Time: 00:04:41

Health: 0/64       AC:  8    Str: 18    XL:     9   Next: 61%
Magic:  10/19      EV: 17    Int: 11    God:    Uskayaw [**....]
Gold:   7          SH:  0    Dex: 10    Spells: 4/10 levels left

rFire    . . .     SeeInvis .     - Unarmed
rCold    . . .     Faith    .   (no shield)
rNeg     . . .     Spirit   .   l - +2 ring mail
rPois    +         Reflect  .   (helmet restricted)
rElec    .         Harm     .   (no cloak)
rCorr    +         Rampage  .   k - +0 pair of gloves
Will     .....     NoTele   +   (no boots)
Stlth    ..........             (no amulet)
HPRegen  0.20/turn              m - +2 ring of evasion
MPRegen  0.16/turn              f - ring of Lateqam {rPois rCorr MP+9}

@: no status effects
A: horns 2, retaliatory headbutt
a: Renounce Religion, Stomp, Line Pass


You were in the Dungeon.
You worshipped Uskayaw.
Uskayaw was noncommittal.
You visited 1 branch You collected 7 gold pieces.

Inventory:

Hand Weapons
 j - a +2 rapier of speed
Armour
 a - a +0 robe
 k - a +0 pair of gloves (worn)
 l - a +2 ring mail (worn)
Jewellery
 f - the ring of Lateqam (right hand) {rPois rCorr MP+9}
   (You found it in the Dungeon)

   [ring of poison resistance]

   rPois:     It protects you from poison.
   MP:        It affects your magic capacity (+9).
   rCorr:     It protects you from acid and corrosion.
 m - a +2 ring of evasion (left hand)
 n - a +3 ring of strength
Wands
 i - a wand of iceblast (10)
Scrolls
 g - 4 scrolls of blinking
 h - 2 scrolls of amnesia
 o - a scroll of identify
 p - 2 scrolls of enchant weapon
 q - 2 scrolls of enchant armour
Potions
 b - 2 potions of heal wounds
 c - a potion of haste
 d - 2 potions of curing
 e - 4 potions of magic
 r - a potion of mutation


   Skills:
 - Level 1.2 Fighting
 + Level 12.9 Dodging
 - Level 19.1 Unarmed Combat
 - Level 1.3 Spellcasting
 - Level 1.5 Transmutations


You had 4 spell levels left.
You knew the following spells:

 Your Spells              Type           Power      Damage    Failure   Level
a - Beastly Appendage     Tmut           8%         N/A       30%         1
b - Wereblood             Tmut           4%         N/A       41%         2
c - Spider Form           Tmut/Pois      1%         N/A       77%         3

Your spell library contained the following spells:

 Spells                   Type           Power      Damage    Failure   Level
 Ice Form                 Ice/Tmut       2%         N/A       99%         4


Dungeon Overview and Level Annotations

Branches:
Dungeon (1/1)

Altars:
Cheibriados
Dithmenos
Elyvilon
Fedhas
Gozag
Hepliaklqana
Kikubaaqudgha
Makhleb
Nemelex Xobeh
Okawaru
Qazlal
Ru
Sif Muna
Trog
Uskayaw
Vehumet
Wu Jian
Xom
Yredelemnul
Zin
The Shining One
Beogh
Jiyva
Lugonu


Innate Abilities, Weirdness & Mutations

You have a pair of horns on your head.
You reflexively headbutt those who attack you in melee.


Message History

* * * LOW HITPOINT WARNING * * *
The five-headed hydra closely misses you.
You stomp with the beat, sending a shockwave through the revellers around you!
The five-headed hydra is heavily wounded.
The five-headed hydra is no longer sharing its pain. x2
The bullfrog snags a nearby small bird with its tongue.
The five-headed hydra misses you. You furiously retaliate!
You headbutt the five-headed hydra. The five-headed hydra misses you.
The five-headed hydra bites you.
* * * LOW HITPOINT WARNING * * *
The five-headed hydra bites you.
* * * LOW HITPOINT WARNING * * *
The five-headed hydra misses you.
Uskayaw will force your foes to helplessly watch your dance.
You feel much better.
The bullfrog is no longer sharing its pain.
The cane toad is no longer sharing its pain.
The bullfrog is no longer sharing its pain.
The water moccasin is no longer sharing its pain.
The bullfrog is no longer sharing its pain.
The five-headed hydra bites you! The five-headed hydra bites you.
The five-headed hydra barely misses you.
The five-headed hydra bites you.
* * * LOW HITPOINT WARNING * * *
The five-headed hydra bites you but does no damage.
You feel much better.
The five-headed hydra closely misses you.
You furiously retaliate!
You headbutt the five-headed hydra! The five-headed hydra bites you. x2
The five-headed hydra completely misses you.
The five-headed hydra bites you!
You stomp with the beat, sending a shockwave through the revellers around you!
The five-headed hydra is almost dead.
The five-headed hydra bites you!
* * * LOW HITPOINT WARNING * * *
The five-headed hydra bites you!
* * * LOW HITPOINT WARNING * * *
The five-headed hydra bites you but does no damage.
The five-headed hydra bites you!
You die...

▓▓▓▓▓▓▓▓▓▓▓▓▓▓▓▓▓▓▓▓▓▓▓▓
..'.......).....@DDFFFSF
▓▓▓▓▓▓▓▓▓▓▓▓▓▓▓▓▓▓▓▓▓▓▓▓▓▓▓▓▓▓▓▓▓
.................................
▓▓▓▓▓▓▓▓▓▓▓▓▓▓▓▓▓▓▓▓▓▓▓▓▓▓▓▓▓▓▓▓▓
((...'.....'_____________________
▓▓▓▓▓▓▓▓▓▓▓▓▓▓▓▓▓▓▓▓▓▓▓▓▓▓▓▓▓▓▓▓▓


You could see 2 five-headed hydras, a cane toad, a water moccasin and 3
bullfrogs.

Vanquished Creatures
  A tengu warrior (D)
  4 cyclopes (D)
  A komodo dragon (D)
  A yak (D)
  A steam dragon (D)
  A water moccasin (D)
  A black bear (D)
  A wolf (D)
  2 centaurs (D)
  A kobold brigand (D)
  A scorpion (D)
  An adder (D)
  2 adder skeletons (D)
  An adder zombie (D)
  A dart slug (D)
  A ball python (D)
  A bat (D)
  A frilled lizard (D)
  A rat (D)
24 creatures vanquished.

Notes
Turn   | Place    | Note
-------+----------+-------------------------------------------
     0 | D        | hilljack the Minotaur Transmuter began the quest for the
                  | Orb.
     0 | D        | Reached XP level 1. HP: 16/16 MP: 1/1
     9 | D        | Reached skill level 4 in Unarmed Combat
    17 | D        | Reached skill level 5 in Unarmed Combat
    85 | D        | Noticed a black bear
    85 | D        | Noticed a scorpion
    90 | D        | Reached skill level 6 in Unarmed Combat
    90 | D        | Reached XP level 2. HP: 10/23 MP: 0/3
    98 | D        | Killed a black bear
    99 | D        | Reached skill level 10 in Unarmed Combat
    99 | D        | Reached XP level 3. HP: 28/28 MP: 0/4
    99 | D        | Reached XP level 4. HP: 35/35 MP: 0/5
    99 | D        | Killed a scorpion
   100 | D        | Reached skill level 11 in Unarmed Combat
   100 | D        | Reached XP level 5. HP: 40/40 MP: 0/6
   107 | D        | Found a snail-covered altar of Cheibriados.
   107 | D        | Found a shadowy altar of Dithmenos.
   107 | D        | Found a white marble altar of Elyvilon.
   107 | D        | Found a blossoming altar of Fedhas.
   107 | D        | Found an opulent altar of Gozag.
   108 | D        | Found a hazy altar of Hepliaklqana.
   109 | D        | Found a viscous altar of Jiyva.
   110 | D        | Found an ancient bone altar of Kikubaaqudgha.
   111 | D        | Found a corrupted altar of Lugonu.
   112 | D        | Found a burning altar of Makhleb.
   113 | D        | Found a sparkling altar of Nemelex Xobeh.
   114 | D        | Found an iron altar of Okawaru.
   115 | D        | Found a stormy altar of Qazlal.
   116 | D        | Found a sacrificial altar of Ru.
   117 | D        | Found a shimmering blue altar of Sif Muna.
   118 | D        | Found a bloodstained altar of Trog.
   119 | D        | Found a hide-covered altar of Uskayaw.
   120 | D        | Found a radiant altar of Vehumet.
   121 | D        | Found an ornate altar of the Wu Jian Council.
   122 | D        | Found a shimmering altar of Xom.
   123 | D        | Found a basalt altar of Yredelemnul.
   124 | D        | Found a glowing silver altar of Zin.
   125 | D        | Found a glowing golden altar of the Shining One.
   127 | D        | Became a worshipper of Uskayaw the Reveller
   174 | D        | Learned a level 2 spell: Wereblood
   178 | D        | Learned a level 3 spell: Spider Form
   179 | D        | Noticed a komodo dragon
   179 | D        | Noticed a steam dragon
   179 | D        | Noticed a yak
   179 | D        | Noticed a centaur
   186 | D        | Reached * piety under Uskayaw
   189 | D        | Reached ** piety under Uskayaw
   193 | D        | Killed a komodo dragon
   193 | D        | Reached *** piety under Uskayaw
   194 | D        | Reached skill level 15 in Unarmed Combat
   194 | D        | Reached XP level 6. HP: 41/47 MP: 7/7
   194 | D        | Reached **** piety under Uskayaw
   197 | D        | Killed a steam dragon
   198 | D        | Reached skill level 16 in Unarmed Combat
   198 | D        | Reached XP level 7. HP: 46/52 MP: 8/8
   198 | D        | Killed a yak
   198 | D        | Reached ***** piety under Uskayaw
   202 | D        | Reached skill level 17 in Unarmed Combat
   274 | D        | Noticed a tengu warrior
   274 | D        | Noticed a cyclops
   274 | D        | Noticed a cyclops
   274 | D        | Noticed a cyclops
   274 | D        | Noticed a cyclops
   295 | D        | Killed a tengu warrior
   296 | D        | Reached skill level 18 in Unarmed Combat
   296 | D        | Reached XP level 8. HP: 12/59 MP: 9/9
   301 | D        | Reached skill level 19 in Unarmed Combat
   413 | D        | HP: 2/59 [cyclops (26)]
   420 | D        | Killed a cyclops
   425 | D        | Killed a cyclops
   426 | D        | Reached XP level 9. HP: 22/64 MP: 10/10
   491 | D        | Killed a cyclops
   793 | D        | Killed a cyclops
  1115 | D        | Got the ring of Lateqam {rPois rCorr MP+9}
  1206 | D        | Noticed a cane toad
  1206 | D        | Noticed a five-headed hydra
  1206 | D        | Noticed a five-headed hydra
  1226 | D        | Slain by a five-headed hydra

Illustrated notes

Levels and vault maps discovered:
D:        linesprint [early_d, line_temple, items_1, d_10, items_2, lair_1,
          lair_end, items_3, orc_1, orc_end, items_4, d_15, swamp_1, shoals_1,
          snake_1, spider_1, d_20, vaults_1, items_5, swamp_end, shoals_end,
          snake_end, spider_end, vaults_end, d_27, items_6, zot_1, zot_end,
          crypt_end, forest_end, elf_end, slime_end, tomb_end, abyss_end,
          pan_hell_end]

Skill      XL: |  1  2  3  4  5  6  7  8  9 |
---------------+----------------------------+-----
Unarmed Combat | 6 10 11 15 16 18 19 | 19.1
Dodging        | 9 12 | 12.9
Fighting       | |  1.2
Spellcasting   | |  1.3
Transmutations | |  1.5

Action                   |  1- 3 |  4- 6 |  7- 9 || total
-------------------------+-------+-------+-------++-------
Melee: Unarmed           |    18 |     6 |    52 ||    76
       Kick              |     3 |       |     3 ||     6
       Headbutt          |     2 |     6 |    13 ||    21
       Rapier            |       |    12 |       ||    12
       Punch             |       |     2 |     3 ||     5
 Cast: Beastly Appendage |     2 |       |     1 ||     3
Invok: Stomp             |       |       |     3 ||     3
  Use: Potion            |     3 |     1 |     9 ||    13
 Stab: Invisible         |       |     4 |       ||     4
       Paralysed         |       |     1 |     3 ||     4
Armor: Robe              |     1 |       |       ||     1
       Ring mail         |       |     1 |    20 ||    21
Dodge: Dodged            |    16 |     4 |    37 ||    57
